AoeStats
← spy guy

Black Forest

506740982Analyzed
3v3 RM · 17d ago on Sep 14, 2026· 50m 10s· 6 players
Game mode
Random Map
Map size
Normal (6 player)
Population
200
Speed
Normal
Resources
Standard
Victory
Conquest
Starting age
Dark Age
Ending age
Imperial Age
RankedLock teamsTeams togetherTeam positionsShared explorationLock speedFull tech treeHidden civsTurbo modeCheats
Victory
Defeat
1403
+12
🇧🇪 Khmer · Belgium
1400
+12
🇧🇪 Bohemians · Belgium
1128
+23
🇬🇧 Persians · United Kingdom
1437
-21
🇬🇧 Bohemians · United Kingdom
1345
-17
🇬🇧 Italians · United Kingdom
1127
-21
tomtom>W<
0:43 Loom
12:39 Feudal Age
16:24 Castle Age
14:16 Double-Bit Axe
14:39 Horse Collar
14:41 Fishing Lines
18:44 Wheelbarrow
18:38 Bow Saw
23:50 Hand Cart
24:37 Gillnets
24:43 Gold Mining
25:32 Stone Mining
25:54 Heavy Plow
30:06 Imperial Age
28:44 Stone Shaft Mining
28:46 Gold Shaft Mining
28:49 Scale Barding Armor
28:55 Forging
29:26 Devotion
29:51 Chain Barding Armor
30:30 Bloodlines
30:20 Husbandry
29:55 Elite War Elephant
31:59 Plate Barding Armor
32:33 Iron Casting
32:21 Conscription
32:28 Caravan
33:44 Guilds
33:48 Husbandry
36:11 Blast Furnace
38:31 Citadels
38:14 Fletching
40:19 Hoardings
40:01 Bodkin Arrow
41:14 Ballistics
41:55 Chemistry
40:54 Murder Holes
spy guy
8:11 Loom
11:35 Feudal Age
14:23 Horse Collar
16:50 Castle Age
14:42 Double-Bit Axe
15:18 Horse Collar
16:15 Wheelbarrow
22:13 Bow Saw
23:50 Heavy Plow
25:23 Hand Cart
30:15 Imperial Age
27:54 Town Watch
30:11 Chemistry
29:13 Padded Archer Armor
29:43 Fortified Wall
30:46 Leather Archer Armor
31:39 Wagenburg Tactics
31:55 Conscription
34:03 Siege Engineers
35:41 Elite Hussite Wagon
36:16 Houfnice
37:35 Masonry
37:58 Bombard Tower
37:36 Fletching
39:00 Bodkin Arrow
39:50 Ring Archer Armor
39:16 Treadmill Crane
40:07 Architecture
40:10 Murder Holes
42:11 Ballistics
42:32 Bracer
42:18 Crossbowman
45:46 Elite Skirmisher
48:47 Two-Man Saw
47:50 Town Patrol
In TRUSH we trust (washed)
1:07 Loom
11:55 Feudal Age
12:23 Man-at-Arms
15:45 Arson
15:54 Arson
24:39 Castle Age
22:34 Double-Bit Axe
22:45 Horse Collar
28:57 Imperial Age
30:41 Chemistry
29:48 Padded Archer Armor
30:50 Wheelbarrow
36:39 Hand Cart
36:38 Bow Saw
36:28 Crossbowman
37:06 Fletching
41:13 Bow Saw
46:05 Gold Mining
Racletteduterter
1:47 Loom
10:26 Feudal Age
13:01 Double-Bit Axe
17:48 Castle Age
16:32 Horse Collar
24:05 Pikeman
30:25 Imperial Age
28:44 Squires
29:39 Arson
30:25 Bow Saw
30:20 Heavy Plow
30:42 Caravan
32:26 Chemistry
32:32 Wheelbarrow
32:01 Padded Archer Armor
33:08 Halberdier
34:48 Forging
34:39 Scale Mail Armor
36:48 Iron Casting
36:29 Chain Mail Armor
39:14 Blast Furnace
41:04 Illumination
40:58 Block Printing
43:09 Houfnice
Soulrajh
11:05 Feudal Age
11:11 Loom
14:26 Castle Age
13:54 Double-Bit Axe
19:43 Bow Saw
19:53 Horse Collar
22:39 Wheelbarrow
27:45 Imperial Age
25:40 Scale Barding Armor
25:51 Fletching
27:23 Caravan
27:49 Heavy Plow
28:55 Chain Barding Armor
28:49 Bloodlines
30:02 Coinage
30:04 Conscription
30:17 Elite Ballista Elephant
31:09 Gold Mining
32:02 Double Crossbow
31:30 Pikeman
33:25 Chemistry
32:23 Town Watch
32:52 Halberdier
33:34 Scale Mail Armor
34:00 Forging
34:34 Chain Mail Armor
36:10 Iron Casting
38:51 Blast Furnace
40:03 Bodkin Arrow
40:09 Padded Archer Armor
44:02 Tusk Swords
44:31 Bracer
44:46 Leather Archer Armor
45:07 Plate Barding Armor
44:59 Husbandry
46:04 Elite Battle Elephant
47:28 Siege Engineers
47:19 Murder Holes
47:45 Ballistics
48:16 Ring Archer Armor
47:51 Arson
51:04 Banking
Merciless Gladiator Stal
2:47 Loom
10:56 Feudal Age
16:49 Castle Age
14:38 Double-Bit Axe
14:33 Horse Collar
16:05 Fletching
25:01 Wheelbarrow
24:14 Town Watch
25:19 Bow Saw
25:26 Stone Mining
25:38 Bodkin Arrow
26:08 Scale Mail Armor
26:10 Squires
27:02 Stone Shaft Mining
27:10 Chain Mail Armor
27:05 Forging
27:43 Hand Cart
29:31 Iron Casting
32:17 Imperial Age
29:44 Gold Mining
29:56 Heavy Plow
33:46 Plate Mail Armor
34:46 Blast Furnace
36:47 Silk Road
36:48 Conscription
36:40 Arson
39:31 Chemistry
39:29 Masonry
39:24 Caravan
44:09 Two-Man Saw
43:39 Crop Rotation
43:07 Bodkin Arrow
43:43 Architecture
43:50 Hoardings
46:31 Bracer
46:31 Padded Archer Armor
46:45 Fortified Wall
Connection lost

Rejoining the realm…

Still unreachable

The connection could not be restored.

Session expired

The server has moved on; the page needs a fresh start.